[ AOE2 MATCH · #483824577 ]
UnrankedSlavs vs Malians
[ REPLAY ANALYSIS · EXTRACTED FROM THE RECORDED GAME ]
Feudal
13:07
Castle
20:49
Imperial
—
| APM avg | 42.6 |
| APM peak | 111 |
| eAPM avg | 19.5 |
| Villagers / military | 54 / 0 |
Focus
⚔️ 12.9% · 🌾 87.1%
Fishing Ship ×23
Feudal
11:08
Castle
14:51
Imperial
—
| APM avg | 17.4 |
| APM peak | 34 |
| eAPM avg | 13.8 |
| Villagers / military | 92 / 1 |
Focus
⚔️ 7.5% · 🌾 92.5%
Monk ×1
Feudal
12:14
Castle
23:06
Imperial
—
| APM avg | 12.3 |
| APM peak | 33 |
| eAPM avg | 10.2 |
| Villagers / military | 62 / 2 |
Focus
⚔️ 6.5% · 🌾 93.5%
Trade Cart ×4 · Fishing Ship ×4 · Monk ×2
Feudal
13:07
Castle
16:47
Imperial
—
| APM avg | 19.5 |
| APM peak | 38 |
| eAPM avg | 10.6 |
| Villagers / military | 50 / 8 |
Focus
⚔️ 15.9% · 🌾 84.1%
Coustillier ×6 · Fishing Ship ×4 · Mangonel ×2
Feudal
12:29
Castle
20:00
Imperial
—
| APM avg | 18.6 |
| APM peak | 61 |
| eAPM avg | 11.6 |
| Villagers / military | 51 / 1 |
Focus
⚔️ 17.9% · 🌾 82.1%
Fishing Ship ×14 · Demolition Raft ×1
Feudal
10:48
Castle
14:18
Imperial
—
| APM avg | 44.4 |
| APM peak | 89 |
| eAPM avg | 29.9 |
| Villagers / military | 141 / 1 |
Focus
⚔️ 18.1% · 🌾 81.9%
Fishing Ship ×6 · Monk ×1
Feudal
12:28
Castle
17:11
Imperial
—
| APM avg | 16.7 |
| APM peak | 26 |
| eAPM avg | 11.9 |
| Villagers / military | 80 / 0 |
Focus
⚔️ 1.2% · 🌾 98.8%
Fishing Ship ×10
Feudal
13:55
Castle
20:14
Imperial
—
| APM avg | 15.7 |
| APM peak | 34 |
| eAPM avg | 7.7 |
| Villagers / military | 35 / 3 |
Focus
⚔️ 13.8% · 🌾 86.2%
Spearman ×3
Match map
Initial resources + every placement click. Lines = walls · curves = elevation contours. ◆ gold · ⬟ stone · ● berries · ✦ relic · ◌ wall gap
Your base· ✓ Closed at 20:49 · 11t walls · no gate
perpimarc's base· Open — opponent sealed themselves in
rananculus's base· ✓ Closed at 23:06 · 28t walls · no gate
AnimealYT's base· Open — opponent sealed themselves in
ApplePie Chai's base· ✓ Closed at 20:00 · 31t walls · 1 gate(s)
Super Pilot's base· Open — opponent sealed themselves in
currahee's base· ✓ Closed at 17:11 · 20t walls · no gate
zorm's base· ✓ Closed at 20:14 · 31t walls · no gate
Smoothed initial terrain · ◌ = detected wall gap · hover for details
Inputs per minute
— PORN9X - - perpimarc
Build order — PORN9X
139 actions detected in the replay
| 0:01 | Create | Villager (Male) |
| 0:01 | Create | Villager (Male) |
| 0:02 | Create | Villager (Male) |
| 0:03 | Build | House |
| 0:04 | Build | House |
| 0:04 | Create | Villager (Male) |
| 1:33 | Create | Villager (Male) |
| 1:33 | Create | Villager (Male) |
| 2:12 | Build | Palisade Wall |
| 2:22 | Create | Villager (Male) |
| 2:23 | Create | Villager (Male) |
| 2:23 | Create | Villager (Male) |
| 2:23 | Create | Villager (Male) |
| 2:44 | Research | Loom |
| 2:52 | Create | Villager (Male) |
| 2:52 | Create | Villager (Male) |
| 2:52 | Create | Villager (Male) |
| 3:26 | Build | Lumber Camp |
| 4:04 | Create | Villager (Male) |
| 4:04 | Create | Villager (Male) |
| 4:05 | Create | Villager (Male) |
| 4:05 | Create | Villager (Male) |
| 4:05 | Create | Villager (Male) |
| 4:41 | Create | Villager (Male) |
| 4:48 | Build | House |
| 5:31 | Create | Villager (Male) |
| 5:54 | Create | Villager (Male) |
| 6:10 | Research | Loom |
| 6:43 | Create | Villager (Male) |
| 6:53 | Build | House |
| 7:05 | Build | Dock |
| 7:13 | Create | Villager (Male) |
| 7:36 | Create | Villager (Male) |
| 7:45 | Create | Fishing Ship |
| 7:45 | Create | Fishing Ship |
| 8:34 | Create | Villager (Male) |
| 8:34 | Create | Villager (Male) |
| 8:40 | Create | Fishing Ship |
| 8:40 | Create | Fishing Ship |
| 8:47 | Build | House |
| 10:07 | Create | Villager (Male) |
| 10:08 | Create | Villager (Male) |
| 10:18 | Create | Fishing Ship |
| 10:18 | Create | Fishing Ship |
| 10:56 | Research | Feudal Age |
| 10:56 | Research | Feudal Age |
| 10:56 | Research | Feudal Age |
| 11:01 | Create | Fishing Ship |
| 11:11 | Build | House |
| 11:39 | Create | Fishing Ship |
| 11:39 | Create | Fishing Ship |
| 11:50 | Build | House |
| 11:51 | Build | House |
| 12:11 | Create | Villager (Male) |
| 12:11 | Create | Villager (Male) |
| 12:29 | Create | Fishing Ship |
| 12:58 | Build | Mining Camp |
| 13:07 | Age | Feudal Age |
| 13:11 | Build | Fish Trap |
| 13:15 | Build | Fish Trap |
| 13:20 | Build | Fish Trap |
| 13:22 | Create | Fishing Ship |
| 13:26 | Create | Villager (Male) |
| 13:44 | Create | Villager (Male) |
| 13:57 | Build | Mill |
| 14:06 | Create | Fishing Ship |
| 14:08 | Research | Tech 906 |
| 14:13 | Build | Fish Trap |
| 14:24 | Build | Fish Trap |
| 14:36 | Create | Villager (Male) |
| 14:36 | Create | Villager (Male) |
| 14:55 | Create | Fishing Ship |
| 15:01 | Build | Fish Trap |
| 15:19 | Build | Fish Trap |
| 15:37 | Build | Mill |
| 16:01 | Build | Lumber Camp |
| 16:11 | Create | Villager (Male) |
| 16:12 | Create | Villager (Male) |
| 16:35 | Build | Blacksmith |
| 17:13 | Build | Market |
| 17:16 | Create | Villager (Male) |
| 17:17 | Create | Villager (Male) |
| 17:22 | Build | House |
| 17:43 | Build | Fish Trap |
| 18:07 | Build | Fish Trap |
| 18:09 | Research | Castle Age |
| 18:10 | Research | Castle Age |
| 18:28 | Build | Fish Trap |
| 18:34 | Create | Fishing Ship |
| 18:34 | Create | Fishing Ship |
| 18:45 | Build | House |
| 18:56 | Research | Double-Bit Axe |
| 18:56 | Research | Double-Bit Axe |
| 18:57 | Research | Double-Bit Axe |
| 19:03 | Build | Fish Trap |
| 19:24 | Build | Fish Trap |
| 19:37 | Build | Mining Camp |
| 20:23 | Build | Barracks |
| 20:42 | Build | Dock |
| 20:49 | Age | Castle Age |
| 20:51 | Create | Villager (Male) |
| 21:08 | Build | Stone Wall |
| 21:12 | Create | Villager (Male) |
| 21:19 | Build | House |
| 21:23 | Create | Villager (Male) |
| 21:29 | Create | Fishing Ship |
| 21:29 | Create | Fishing Ship |
| 21:32 | Research | Gillnets |
| 21:45 | Build | Town Center |
| 21:57 | Create | Villager (Male) |
| 22:06 | Research | Pikeman (upgrade) |
| 22:06 | Research | Pikeman (upgrade) |
| 22:25 | Build | Fish Trap |
| 22:27 | Create | Fishing Ship |
| 22:30 | Create | Fishing Ship |
| 22:48 | Build | Town Center |
| 22:58 | Research | Squires |
| 22:58 | Research | Squires |
| 23:05 | Build | Fish Trap |
| 23:06 | Create | Fishing Ship |
| 23:08 | Create | Villager (Male) |
| 23:09 | Create | Villager (Male) |
| 23:12 | Create | Villager (Male) |
| 23:12 | Create | Villager (Male) |
| 23:13 | Create | Villager (Male) |
| 23:48 | Build | Fish Trap |
| 23:52 | Build | Fish Trap |
| 23:54 | Create | Fishing Ship |
| 23:59 | Create | Fishing Ship |
| 24:00 | Create | Fishing Ship |
| 24:05 | Create | Villager (Male) |
| 24:05 | Create | Villager (Male) |
| 24:06 | Create | Villager (Male) |
| 24:08 | Create | Villager (Male) |
| 24:09 | Create | Villager (Male) |
| 24:09 | Create | Villager (Male) |
| 24:09 | Create | Villager (Male) |
| 24:15 | Research | Wheelbarrow |
| 24:27 | Build | Monastery |
Build order — perpimarc
First 150 of 177 actions detected
| 0:01 | Create | Villager (Male) |
| 0:01 | Create | Villager (Male) |
| 0:02 | Build | House |
| 0:04 | Build | House |
| 0:30 | Create | Villager (Male) |
| 0:30 | Create | Villager (Male) |
| 1:29 | Create | Villager (Male) |
| 1:30 | Create | Villager (Male) |
| 2:02 | Build | Lumber Camp |
| 2:05 | Create | Villager (Male) |
| 2:25 | Create | Villager (Male) |
| 2:52 | Create | Villager (Male) |
| 3:16 | Create | Villager (Male) |
| 3:44 | Create | Villager (Male) |
| 3:44 | Create | Villager (Male) |
| 3:51 | Build | House |
| 3:52 | Build | House |
| 4:10 | Create | Villager (Male) |
| 4:48 | Create | Villager (Male) |
| 4:48 | Create | Villager (Male) |
| 5:09 | Create | Villager (Male) |
| 5:26 | Build | Mill |
| 5:34 | Create | Villager (Male) |
| 5:35 | Create | Villager (Male) |
| 5:35 | Create | Villager (Male) |
| 6:02 | Build | Mill |
| 6:08 | Create | Villager (Male) |
| 7:07 | Build | Lumber Camp |
| 7:39 | Create | Villager (Male) |
| 7:44 | Build | Farm |
| 8:05 | Create | Villager (Male) |
| 8:11 | Create | Villager (Male) |
| 8:42 | Build | Mining Camp |
| 8:51 | Research | Feudal Age |
| 9:20 | Build | House |
| 10:45 | Create | Villager (Male) |
| 10:45 | Create | Villager (Male) |
| 10:51 | Build | Farm |
| 10:54 | Build | Farm |
| 11:08 | Age | Feudal Age |
| 11:10 | Build | Market |
| 11:19 | Build | Blacksmith |
| 11:33 | Build | Farm |
| 11:37 | Build | Farm |
| 11:54 | Build | Farm |
| 12:11 | Research | Castle Age |
| 12:46 | Research | Double-Bit Axe |
| 13:01 | Research | Horse Collar |
| 13:57 | Create | Villager (Male) |
| 13:57 | Create | Villager (Male) |
| 14:01 | Build | House |
| 14:02 | Build | House |
| 14:51 | Age | Castle Age |
| 14:56 | Build | Town Center |
| 15:04 | Create | Villager (Male) |
| 15:13 | Build | Town Center |
| 15:20 | Create | Villager (Male) |
| 15:22 | Build | Farm |
| 15:29 | Research | Bow Saw |
| 15:47 | Create | Villager (Male) |
| 15:55 | Build | Farm |
| 16:00 | Build | Farm |
| 16:07 | Create | Villager (Male) |
| 16:25 | Create | Villager (Male) |
| 16:25 | Create | Villager (Male) |
| 16:32 | Create | Villager (Male) |
| 16:33 | Create | Villager (Male) |
| 16:38 | Build | Farm |
| 16:49 | Build | Monastery |
| 16:55 | Create | Villager (Male) |
| 16:57 | Create | Villager (Male) |
| 16:58 | Create | Villager (Male) |
| 17:03 | Build | Farm |
| 17:12 | Build | Farm |
| 17:14 | Build | Farm |
| 17:19 | Build | Farm |
| 17:29 | Build | Farm |
| 17:31 | Create | Monk |
| 17:43 | Create | Villager (Male) |
| 17:44 | Create | Villager (Male) |
| 17:48 | Create | Villager (Male) |
| 17:54 | Build | Farm |
| 17:55 | Build | Farm |
| 17:58 | Build | Farm |
| 18:00 | Create | Villager (Male) |
| 18:03 | Create | Villager (Male) |
| 18:05 | Create | Villager (Male) |
| 18:13 | Build | Farm |
| 18:18 | Build | Farm |
| 18:23 | Create | Villager (Male) |
| 18:24 | Create | Villager (Male) |
| 18:29 | Research | Loom |
| 18:34 | Build | House |
| 18:35 | Build | House |
| 18:36 | Build | House |
| 18:40 | Build | Farm |
| 18:47 | Create | Villager (Male) |
| 18:48 | Create | Villager (Male) |
| 18:50 | Create | Villager (Male) |
| 18:54 | Build | Mining Camp |
| 19:01 | Create | Villager (Male) |
| 19:11 | Create | Villager (Male) |
| 19:14 | Build | Farm |
| 19:19 | Create | Villager (Male) |
| 19:26 | Create | Villager (Male) |
| 19:28 | Create | Villager (Male) |
| 19:33 | Build | Farm |
| 19:35 | Build | Farm |
| 19:38 | Create | Villager (Male) |
| 19:43 | Build | House |
| 19:44 | Build | House |
| 19:45 | Build | House |
| 19:46 | Build | House |
| 19:51 | Create | Villager (Male) |
| 19:53 | Create | Villager (Male) |
| 19:54 | Create | Villager (Male) |
| 20:02 | Build | Farm |
| 20:05 | Build | Farm |
| 20:13 | Create | Villager (Male) |
| 20:14 | Create | Villager (Male) |
| 20:17 | Create | Villager (Male) |
| 20:22 | Create | Villager (Male) |
| 20:26 | Build | Farm |
| 20:28 | Build | Farm |
| 20:35 | Research | Heavy Plow |
| 20:48 | Build | Mining Camp |
| 20:55 | Create | Villager (Male) |
| 20:57 | Research | Wheelbarrow |
| 21:06 | Build | Farm |
| 21:12 | Create | Villager (Male) |
| 21:14 | Create | Villager (Male) |
| 21:41 | Build | Barracks |
| 21:42 | Build | Barracks |
| 21:45 | Build | Barracks |
| 21:51 | Build | House |
| 21:52 | Build | House |
| 21:57 | Build | House |
| 21:58 | Create | Villager (Male) |
| 21:59 | Create | Villager (Male) |
| 21:59 | Create | Villager (Male) |
| 22:00 | Create | Villager (Male) |
| 22:01 | Create | Villager (Male) |
| 22:02 | Create | Villager (Male) |
| 22:08 | Build | Farm |
| 22:23 | Research | Gold Mining |
| 22:25 | Create | Villager (Male) |
| 22:28 | Create | Villager (Male) |
| 22:30 | Create | Villager (Male) |
| 22:45 | Create | Villager (Male) |
| 22:50 | Create | Villager (Male) |
Build order — rananculus
150 actions detected in the replay
| 0:04 | Create | Villager (Male) |
| 0:04 | Research | Loom |
| 0:05 | Create | Villager (Male) |
| 0:05 | Create | Villager (Male) |
| 0:05 | Create | Villager (Male) |
| 0:06 | Create | Villager (Male) |
| 0:06 | Create | Villager (Male) |
| 0:06 | Create | Villager (Male) |
| 0:10 | Build | House |
| 0:11 | Build | House |
| 1:20 | Build | Palisade Wall |
| 1:40 | Build | Palisade Wall |
| 1:49 | Build | Palisade Wall |
| 2:06 | Build | House |
| 2:21 | Create | Villager (Male) |
| 2:21 | Create | Villager (Male) |
| 2:55 | Build | House |
| 3:02 | Create | Villager (Male) |
| 3:02 | Create | Villager (Male) |
| 3:35 | Create | Villager (Male) |
| 3:36 | Create | Villager (Male) |
| 3:45 | Build | House |
| 3:47 | Build | House |
| 4:23 | Create | Villager (Male) |
| 4:23 | Create | Villager (Male) |
| 4:23 | Create | Villager (Male) |
| 4:24 | Create | Villager (Male) |
| 4:56 | Build | House |
| 4:57 | Build | House |
| 5:33 | Create | Villager (Male) |
| 5:33 | Create | Villager (Male) |
| 5:34 | Create | Villager (Male) |
| 5:37 | Create | Villager (Male) |
| 5:37 | Create | Villager (Male) |
| 5:38 | Create | Villager (Male) |
| 5:38 | Create | Villager (Male) |
| 6:18 | Build | Lumber Camp |
| 6:25 | Create | Villager (Male) |
| 6:26 | Create | Villager (Male) |
| 6:26 | Create | Villager (Male) |
| 6:26 | Create | Villager (Male) |
| 6:27 | Create | Villager (Male) |
| 7:40 | Build | Mining Camp |
| 7:48 | Create | Villager (Male) |
| 8:10 | Create | Villager (Male) |
| 9:39 | Create | Villager (Male) |
| 9:58 | Research | Feudal Age |
| 10:18 | Build | Mill |
| 10:32 | Build | Lumber Camp |
| 11:21 | Build | Mining Camp |
| 11:44 | Create | Villager (Male) |
| 11:44 | Create | Villager (Male) |
| 11:45 | Create | Villager (Male) |
| 11:45 | Create | Villager (Male) |
| 12:14 | Age | Feudal Age |
| 12:30 | Build | Lumber Camp |
| 12:48 | Research | Double-Bit Axe |
| 13:14 | Build | Dock |
| 13:42 | Build | Farm |
| 13:43 | Build | Farm |
| 13:59 | Create | Villager (Male) |
| 13:59 | Create | Villager (Male) |
| 14:20 | Build | House |
| 14:21 | Build | House |
| 14:22 | Build | House |
| 14:23 | Build | House |
| 14:24 | Build | House |
| 14:30 | Create | Villager (Male) |
| 14:54 | Build | Farm |
| 14:55 | Build | Farm |
| 14:56 | Build | Farm |
| 14:57 | Build | Farm |
| 15:01 | Create | Villager (Male) |
| 15:17 | Research | Horse Collar |
| 15:21 | Create | Villager (Male) |
| 15:48 | Create | Fishing Ship |
| 15:48 | Create | Fishing Ship |
| 15:52 | Create | Fishing Ship |
| 16:04 | Create | Fishing Ship |
| 16:11 | Create | Villager (Male) |
| 16:11 | Create | Villager (Male) |
| 16:11 | Create | Villager (Male) |
| 16:42 | Build | Blacksmith |
| 17:12 | Create | Villager (Male) |
| 17:33 | Build | Farm |
| 17:35 | Build | Farm |
| 17:36 | Build | Farm |
| 17:37 | Build | Farm |
| 17:41 | Create | Villager (Male) |
| 17:56 | Build | Barracks |
| 18:05 | Create | Villager (Male) |
| 18:19 | Create | Villager (Male) |
| 18:36 | Create | Villager (Male) |
| 18:52 | Build | Market |
| 19:10 | Build | Barracks |
| 19:15 | Create | Villager (Male) |
| 19:32 | Build | Farm |
| 19:34 | Build | Farm |
| 19:35 | Build | Farm |
| 19:36 | Build | Farm |
| 20:01 | Create | Villager (Male) |
| 20:09 | Research | Castle Age |
| 20:09 | Research | Castle Age |
| 20:14 | Build | House |
| 20:15 | Build | House |
| 20:16 | Build | House |
| 20:19 | Build | House |
| 20:32 | Build | Farm |
| 20:49 | Research | Stone Mining |
| 20:51 | Research | Gold Mining |
| 21:17 | Create | Trade Cart |
| 21:17 | Create | Trade Cart |
| 21:17 | Create | Trade Cart |
| 21:33 | Create | Villager (Male) |
| 21:34 | Create | Villager (Male) |
| 21:34 | Create | Villager (Male) |
| 22:17 | Build | House |
| 22:19 | Build | House |
| 22:20 | Build | House |
| 22:21 | Build | House |
| 22:22 | Build | House |
| 22:23 | Build | House |
| 22:24 | Build | House |
| 22:26 | Build | House |
| 22:52 | Build | House |
| 22:53 | Build | House |
| 22:55 | Build | House |
| 22:56 | Build | House |
| 23:06 | Age | Castle Age |
| 23:09 | Create | Villager (Male) |
| 23:09 | Create | Villager (Male) |
| 23:10 | Create | Villager (Male) |
| 23:10 | Create | Villager (Male) |
| 23:10 | Create | Villager (Male) |
| 23:11 | Create | Villager (Male) |
| 23:11 | Create | Villager (Male) |
| 23:11 | Create | Villager (Male) |
| 23:20 | Research | Heavy Plow |
| 23:31 | Build | Town Center |
| 23:42 | Research | Caravan |
| 23:42 | Create | Trade Cart |
| 23:52 | Build | Lumber Camp |
| 24:01 | Research | Bow Saw |
| 24:13 | Build | Monastery |
| 24:27 | Build | Farm |
| 24:28 | Build | Farm |
| 24:30 | Build | Farm |
| 25:10 | Build | Lumber Camp |
| 25:15 | Create | Monk |
| 25:15 | Create | Monk |
Build order — AnimealYT
106 actions detected in the replay
| 0:02 | Create | Villager (Male) |
| 0:02 | Research | Loom |
| 0:02 | Create | Villager (Male) |
| 0:02 | Create | Villager (Male) |
| 0:03 | Create | Villager (Male) |
| 0:04 | Build | House |
| 0:06 | Build | House |
| 1:04 | Build | Palisade Wall |
| 1:32 | Build | Palisade Wall |
| 1:55 | Build | Lumber Camp |
| 2:01 | Create | Villager (Male) |
| 2:43 | Build | Palisade Wall |
| 2:51 | Create | Villager (Male) |
| 2:56 | Create | Villager (Male) |
| 3:27 | Create | Villager (Male) |
| 3:44 | Create | Villager (Male) |
| 4:30 | Create | Villager (Male) |
| 4:35 | Build | House |
| 4:55 | Create | Villager (Male) |
| 5:19 | Build | House |
| 5:28 | Build | Mill |
| 5:32 | Create | Villager (Male) ×2 |
| 5:47 | Create | Villager (Male) |
| 6:22 | Create | Villager (Male) ×2 |
| 6:46 | Create | Villager (Male) |
| 7:15 | Create | Villager (Male) |
| 7:41 | Build | Lumber Camp |
| 8:01 | Create | Villager (Male) |
| 8:04 | Build | House |
| 8:05 | Build | House |
| 8:22 | Create | Villager (Male) ×5 |
| 9:56 | Build | Mining Camp |
| 10:38 | Build | Mining Camp |
| 10:44 | Research | Feudal Age |
| 10:58 | Build | Mill |
| 11:20 | Research | Double-Bit Axe |
| 11:23 | Research | Horse Collar |
| 11:54 | Build | Dock |
| 12:02 | Create | Villager (Male) |
| 12:03 | Create | Villager (Male) |
| 13:07 | Age | Feudal Age |
| 13:10 | Build | Market |
| 13:14 | Build | Blacksmith |
| 14:07 | Research | Castle Age |
| 14:19 | Research | Bow Saw |
| 14:41 | Build | Farm |
| 14:41 | Build | Farm |
| 14:42 | Build | Farm |
| 14:42 | Build | Farm |
| 14:54 | Build | Farm |
| 15:15 | Create | Villager (Male) |
| 15:15 | Create | Villager (Male) |
| 15:24 | Research | Heavy Plow |
| 15:50 | Create | Fishing Ship |
| 16:18 | Research | Stone Mining |
| 16:19 | Research | Gold Mining |
| 16:47 | Age | Castle Age |
| 17:09 | Build | Castle |
| 17:18 | Research | Two-Man Saw |
| 17:28 | Build | House |
| 17:30 | Build | House |
| 17:31 | Create | Fishing Ship |
| 17:51 | Create | Villager (Male) |
| 17:52 | Create | Villager (Male) |
| 17:52 | Create | Villager (Male) |
| 17:57 | Create | Fishing Ship |
| 18:02 | Build | House |
| 18:19 | Create | Fishing Ship |
| 18:51 | Create | Coustillier ×2 |
| 19:06 | Build | Town Center |
| 19:10 | Create | Coustillier |
| 19:13 | Create | Coustillier |
| 19:54 | Build | Stone Wall |
| 20:04 | Create | Coustillier ×2 |
| 20:17 | Build | Siege Workshop |
| 20:37 | Create | Villager (Male) |
| 20:53 | Create | Villager (Male) |
| 21:04 | Create | Mangonel |
| 21:10 | Build | Watch Tower |
| 21:20 | Create | Villager (Male) |
| 21:31 | Build | Farm |
| 21:31 | Build | Farm |
| 21:31 | Build | Farm |
| 21:31 | Build | Farm |
| 21:32 | Create | Villager (Male) |
| 22:20 | Build | Barracks |
| 22:26 | Create | Mangonel |
| 22:30 | Create | Villager (Male) |
| 22:30 | Create | Villager (Male) |
| 22:34 | Create | Villager (Male) |
| 22:57 | Build | Archery Range |
| 23:06 | Build | Gate |
| 23:26 | Create | Villager (Male) ×4 |
| 23:33 | Build | Lumber Camp |
| 23:54 | Create | Villager (Male) ×2 |
| 24:19 | Build | Mining Camp |
| 24:35 | Create | Villager (Male) ×3 |
| 24:53 | Create | Villager (Male) |
| 25:14 | Create | Villager (Male) |
| 25:16 | Create | Villager (Male) |
| 25:20 | Build | Farm |
| 25:21 | Build | Farm |
| 25:21 | Build | Farm |
| 25:21 | Build | Farm |
| 25:21 | Build | Farm |
| 25:22 | Build | Farm |
Build order — ApplePie Chai
127 actions detected in the replay
| 0:04 | Create | Villager (Male) |
| 0:05 | Research | Loom |
| 0:06 | Create | Villager (Male) |
| 0:06 | Create | Villager (Male) |
| 0:06 | Create | Villager (Male) |
| 0:06 | Create | Villager (Male) |
| 0:08 | Build | House |
| 0:15 | Build | House |
| 1:45 | Create | Villager (Male) |
| 1:45 | Create | Villager (Male) |
| 2:20 | Create | Villager (Male) |
| 2:21 | Create | Villager (Male) |
| 2:25 | Build | Lumber Camp |
| 2:46 | Create | Villager (Male) |
| 2:46 | Create | Villager (Male) |
| 3:02 | Create | Villager (Male) |
| 3:02 | Create | Villager (Male) |
| 3:25 | Create | Villager (Male) |
| 3:43 | Build | Palisade Wall |
| 3:58 | Build | House |
| 4:11 | Create | Villager (Male) |
| 4:11 | Create | Villager (Male) |
| 4:57 | Create | Villager (Male) |
| 4:57 | Create | Villager (Male) |
| 4:57 | Create | Villager (Male) |
| 5:36 | Build | Dock |
| 6:01 | Create | Villager (Male) |
| 6:01 | Create | Villager (Male) |
| 6:01 | Create | Villager (Male) |
| 6:11 | Build | Palisade Wall |
| 6:12 | Build | Palisade Wall |
| 6:29 | Build | House |
| 7:05 | Create | Fishing Ship |
| 7:06 | Create | Fishing Ship |
| 7:11 | Create | Villager (Male) |
| 7:12 | Create | Villager (Male) |
| 8:23 | Create | Villager (Male) |
| 8:24 | Create | Villager (Male) |
| 8:35 | Build | Mill |
| 8:50 | Create | Fishing Ship |
| 8:51 | Create | Fishing Ship |
| 8:55 | Build | House |
| 9:29 | Create | Villager (Male) |
| 9:30 | Create | Villager (Male) |
| 9:34 | Research | Feudal Age |
| 9:43 | Create | Fishing Ship |
| 10:00 | Build | Lumber Camp |
| 10:40 | Create | Villager (Male) |
| 10:40 | Create | Villager (Male) |
| 10:40 | Create | Villager (Male) |
| 10:40 | Create | Villager (Male) |
| 11:31 | Build | House |
| 12:29 | Age | Feudal Age |
| 12:31 | Create | Demolition Raft |
| 12:32 | Build | Fish Trap |
| 12:35 | Build | Fish Trap |
| 12:37 | Build | Fish Trap |
| 12:43 | Create | Fishing Ship |
| 12:44 | Create | Fishing Ship |
| 12:44 | Create | Fishing Ship |
| 13:22 | Build | Mining Camp |
| 13:43 | Build | Fish Trap |
| 13:49 | Research | Double-Bit Axe |
| 13:54 | Build | Mill |
| 14:08 | Build | Farm |
| 14:19 | Build | Fish Trap |
| 14:25 | Create | Villager (Male) |
| 14:25 | Create | Villager (Male) |
| 14:25 | Create | Villager (Male) |
| 14:31 | Build | House |
| 14:38 | Build | House |
| 14:40 | Build | House |
| 15:03 | Build | Fish Trap |
| 15:06 | Create | Fishing Ship |
| 15:07 | Create | Fishing Ship |
| 15:10 | Build | House |
| 15:34 | Build | House |
| 15:50 | Create | Villager (Male) |
| 15:50 | Create | Villager (Male) |
| 15:58 | Build | Blacksmith |
| 16:15 | Build | Market |
| 16:26 | Build | Fish Trap |
| 16:37 | Build | Fish Trap |
| 16:48 | Create | Fishing Ship |
| 16:49 | Create | Fishing Ship |
| 17:08 | Build | Outpost |
| 17:20 | Research | Castle Age |
| 17:40 | Build | Fish Trap |
| 18:32 | Build | Stone Wall |
| 18:37 | Build | Gate |
| 18:58 | Build | Fish Trap |
| 19:37 | Build | Stone Wall |
| 19:38 | Build | Stone Wall |
| 19:42 | Build | Stone Wall |
| 19:43 | Build | Stone Wall |
| 19:44 | Build | Stone Wall |
| 19:59 | Build | Stone Wall |
| 20:00 | Age | Castle Age |
| 20:03 | Build | Stone Wall |
| 20:08 | Create | Villager (Male) |
| 20:08 | Create | Villager (Male) |
| 20:08 | Create | Villager (Male) |
| 20:08 | Create | Villager (Male) |
| 20:08 | Create | Villager (Male) |
| 20:10 | Research | Wheelbarrow |
| 20:10 | Research | Town Watch |
| 20:20 | Research | Wheelbarrow |
| 20:20 | Research | Town Watch |
| 20:26 | Research | Tech 906 |
| 20:27 | Create | Fishing Ship |
| 20:28 | Create | Fishing Ship |
| 20:40 | Build | Mining Camp |
| 21:22 | Build | Stone Wall |
| 21:45 | Build | Stone Wall |
| 22:09 | Build | Stone Wall |
| 22:17 | Create | Villager (Male) |
| 22:17 | Create | Villager (Male) |
| 22:18 | Create | Villager (Male) |
| 22:18 | Create | Villager (Male) |
| 22:18 | Create | Villager (Male) |
| 22:33 | Create | Villager (Male) |
| 22:33 | Create | Villager (Male) |
| 22:33 | Create | Villager (Male) |
| 22:33 | Create | Villager (Male) |
| 22:38 | Build | Fish Trap |
| 23:03 | Build | Dock |
| 23:47 | Build | Stone Wall |
Build order — Super Pilot
First 150 of 264 actions detected
| 0:01 | Create | Villager (Male) |
| 0:01 | Create | Villager (Male) |
| 0:01 | Create | Villager (Male) |
| 0:01 | Create | Villager (Male) |
| 0:02 | Create | Villager (Male) |
| 0:04 | Build | House |
| 0:05 | Build | House |
| 1:23 | Create | Villager (Male) |
| 1:24 | Create | Villager (Male) |
| 1:31 | Build | Settlement |
| 2:01 | Create | Villager (Male) |
| 2:02 | Create | Villager (Male) |
| 2:28 | Create | Villager (Male) |
| 2:28 | Create | Villager (Male) |
| 2:48 | Create | Villager (Male) |
| 2:48 | Create | Villager (Male) |
| 3:18 | Create | Villager (Male) |
| 3:18 | Create | Villager (Male) |
| 3:18 | Create | Villager (Male) |
| 3:47 | Create | Villager (Male) |
| 3:47 | Create | Villager (Male) |
| 3:53 | Build | Dock |
| 4:16 | Create | Villager (Male) |
| 4:17 | Create | Villager (Male) |
| 4:32 | Build | House |
| 4:34 | Create | Fishing Ship |
| 4:35 | Create | Fishing Ship |
| 4:42 | Create | Villager (Male) |
| 4:42 | Create | Villager (Male) |
| 4:57 | Build | House |
| 5:00 | Create | Villager (Male) |
| 5:00 | Create | Villager (Male) |
| 5:17 | Create | Villager (Male) |
| 5:17 | Create | Villager (Male) |
| 5:20 | Create | Fishing Ship |
| 5:20 | Create | Fishing Ship |
| 5:46 | Create | Villager (Male) |
| 5:47 | Create | Villager (Male) |
| 5:56 | Create | Villager (Male) |
| 5:56 | Create | Villager (Male) |
| 6:21 | Create | Fishing Ship |
| 6:52 | Create | Fishing Ship |
| 7:07 | Create | Villager (Male) |
| 7:26 | Create | Villager (Male) |
| 8:13 | Create | Villager (Male) |
| 8:16 | Build | Settlement |
| 8:38 | Research | Feudal Age |
| 8:38 | Research | Feudal Age |
| 10:10 | Create | Villager (Male) |
| 10:10 | Create | Villager (Male) |
| 10:48 | Age | Feudal Age |
| 10:55 | Build | Market |
| 10:59 | Build | Blacksmith |
| 11:38 | Research | Castle Age |
| 11:39 | Research | Castle Age |
| 11:56 | Research | Double-Bit Axe |
| 12:40 | Build | Fish Trap |
| 12:42 | Build | Fish Trap |
| 12:49 | Build | Fish Trap |
| 12:53 | Build | Fish Trap |
| 12:56 | Research | Horse Collar |
| 12:57 | Research | Horse Collar |
| 12:57 | Research | Horse Collar |
| 14:02 | Create | Villager (Male) |
| 14:18 | Age | Castle Age |
| 14:23 | Build | Town Center |
| 14:31 | Build | Town Center |
| 14:35 | Research | Bow Saw |
| 14:35 | Research | Bow Saw |
| 14:35 | Research | Bow Saw |
| 14:39 | Create | Villager (Male) |
| 15:06 | Create | Villager (Male) |
| 15:25 | Research | Wheelbarrow |
| 15:52 | Research | Heavy Plow |
| 15:52 | Research | Heavy Plow |
| 15:53 | Create | Villager (Male) |
| 15:53 | Create | Villager (Male) |
| 15:53 | Create | Villager (Male) |
| 16:03 | Create | Villager (Male) |
| 16:03 | Create | Villager (Male) |
| 16:03 | Create | Villager (Male) |
| 16:14 | Create | Villager (Male) |
| 16:15 | Create | Villager (Male) |
| 16:27 | Create | Villager (Male) |
| 16:27 | Create | Villager (Male) |
| 16:28 | Create | Villager (Male) |
| 16:35 | Create | Villager (Male) |
| 16:35 | Create | Villager (Male) |
| 16:36 | Create | Villager (Male) |
| 16:38 | Build | Farm |
| 16:40 | Build | Farm |
| 16:44 | Create | Villager (Male) |
| 16:56 | Build | Farm |
| 17:09 | Create | Villager (Male) |
| 17:09 | Create | Villager (Male) |
| 17:16 | Build | Town Center |
| 17:17 | Create | Villager (Male) |
| 17:17 | Create | Villager (Male) |
| 17:17 | Create | Villager (Male) |
| 17:28 | Build | Farm |
| 17:31 | Create | Villager (Male) |
| 17:32 | Create | Villager (Male) |
| 17:32 | Create | Villager (Male) |
| 17:33 | Create | Villager (Male) |
| 17:37 | Build | Farm |
| 17:40 | Build | Farm |
| 17:44 | Create | Villager (Male) |
| 17:53 | Build | Farm |
| 17:54 | Create | Villager (Male) |
| 17:59 | Build | House |
| 18:04 | Build | House |
| 18:05 | Build | House |
| 18:06 | Build | House |
| 18:06 | Create | Villager (Male) |
| 18:06 | Create | Villager (Male) |
| 18:09 | Build | Farm |
| 18:28 | Create | Villager (Male) |
| 18:33 | Build | Farm |
| 18:34 | Build | Farm |
| 18:35 | Create | Villager (Male) |
| 18:35 | Create | Villager (Male) |
| 18:35 | Create | Villager (Male) |
| 18:37 | Build | Farm |
| 18:38 | Build | Farm |
| 18:47 | Create | Villager (Male) |
| 18:47 | Create | Villager (Male) |
| 18:57 | Build | Monastery |
| 19:00 | Create | Villager (Male) |
| 19:09 | Build | Farm |
| 19:17 | Create | Villager (Male) |
| 19:25 | Create | Villager (Male) |
| 19:27 | Build | Farm |
| 19:27 | Create | Villager (Male) |
| 19:31 | Create | Villager (Male) |
| 19:31 | Create | Villager (Male) |
| 19:31 | Create | Villager (Male) |
| 19:32 | Create | Villager (Male) |
| 19:35 | Build | Farm |
| 19:36 | Build | Farm |
| 19:42 | Build | Farm |
| 19:43 | Build | Farm |
| 19:44 | Build | Farm |
| 19:48 | Build | Farm |
| 19:49 | Build | Farm |
| 19:50 | Create | Villager (Male) |
| 19:50 | Create | Villager (Male) |
| 19:55 | Build | House |
| 19:56 | Build | House |
| 19:57 | Build | House |
| 19:57 | Create | Villager (Male) |
Build order — currahee
First 150 of 175 actions detected
| 0:03 | Research | Loom |
| 0:03 | Create | Villager (Male) ×4 |
| 0:06 | Build | House |
| 0:08 | Build | House |
| 1:00 | Build | Palisade Wall |
| 1:58 | Create | Villager (Male) |
| 2:45 | Create | Villager (Male) |
| 3:09 | Create | Villager (Male) |
| 3:31 | Build | Lumber Camp |
| 3:38 | Create | Villager (Male) |
| 3:44 | Build | House |
| 3:55 | Create | Villager (Male) |
| 4:18 | Create | Villager (Male) |
| 4:40 | Create | Villager (Male) |
| 4:59 | Build | House |
| 5:06 | Create | Villager (Male) |
| 5:36 | Create | Villager (Male) |
| 5:41 | Research | Double-Bit Axe |
| 6:02 | Create | Villager (Male) |
| 6:02 | Create | Villager (Male) |
| 6:37 | Create | Villager (Male) |
| 6:52 | Build | Dock |
| 7:27 | Create | Villager (Male) |
| 7:34 | Build | Mill |
| 7:40 | Build | House |
| 7:57 | Create | Villager (Male) |
| 7:58 | Create | Villager (Male) |
| 8:02 | Build | Mining Camp |
| 8:28 | Build | House |
| 8:34 | Create | Fishing Ship |
| 8:36 | Create | Villager (Male) |
| 9:06 | Create | Villager (Male) |
| 9:11 | Build | Lumber Camp |
| 9:29 | Create | Fishing Ship |
| 9:56 | Create | Fishing Ship |
| 10:18 | Research | Feudal Age |
| 10:40 | Build | Mill |
| 10:55 | Create | Fishing Ship |
| 11:14 | Create | Villager (Male) |
| 11:14 | Create | Villager (Male) |
| 11:44 | Create | Fishing Ship |
| 11:44 | Create | Fishing Ship |
| 12:28 | Age | Feudal Age |
| 12:35 | Build | Market |
| 12:45 | Build | Blacksmith |
| 12:55 | Build | Stone Wall |
| 13:09 | Create | Villager (Male) |
| 13:24 | Build | House |
| 13:39 | Build | Mining Camp |
| 13:52 | Create | Villager (Male) |
| 14:07 | Build | Outpost |
| 14:18 | Build | Farm |
| 14:19 | Build | Farm |
| 14:21 | Build | Farm |
| 14:22 | Build | Farm |
| 14:31 | Research | Castle Age |
| 15:03 | Research | Bow Saw |
| 15:23 | Build | Fish Trap |
| 15:25 | Build | Fish Trap |
| 16:14 | Build | Fish Trap |
| 16:25 | Build | Fish Trap |
| 16:31 | Create | Villager (Male) |
| 16:32 | Create | Villager (Male) |
| 16:35 | Research | Horse Collar |
| 16:55 | Build | Fish Trap |
| 17:07 | Create | Villager (Male) |
| 17:11 | Age | Castle Age |
| 17:16 | Build | Town Center |
| 17:32 | Build | Fish Trap |
| 18:06 | Create | Villager (Male) |
| 18:07 | Create | Villager (Male) |
| 18:17 | Create | Villager (Male) |
| 18:18 | Create | Villager (Male) |
| 18:18 | Create | Villager (Male) |
| 18:18 | Create | Villager (Male) |
| 18:25 | Build | House |
| 18:26 | Build | House |
| 18:31 | Create | Villager (Male) |
| 18:43 | Build | Town Center |
| 18:59 | Create | Villager (Male) |
| 19:22 | Build | Farm |
| 19:23 | Build | Farm |
| 19:24 | Build | Farm |
| 19:26 | Create | Villager (Male) |
| 19:27 | Create | Villager (Male) |
| 19:32 | Create | Fishing Ship |
| 19:43 | Build | House |
| 19:44 | Build | House |
| 19:48 | Create | Villager (Male) |
| 20:01 | Create | Villager (Male) |
| 20:01 | Create | Villager (Male) |
| 20:15 | Research | Wheelbarrow |
| 20:20 | Build | Fish Trap |
| 20:22 | Create | Fishing Ship |
| 20:28 | Build | Farm |
| 20:29 | Build | Farm |
| 20:29 | Build | Farm |
| 20:30 | Build | Farm |
| 20:31 | Build | Farm |
| 20:35 | Create | Villager (Male) |
| 20:38 | Create | Villager (Male) |
| 20:42 | Create | Villager (Male) |
| 20:49 | Create | Fishing Ship |
| 20:56 | Build | Farm |
| 20:58 | Build | Farm |
| 21:02 | Create | Villager (Male) |
| 21:08 | Build | Farm |
| 21:08 | Build | Farm |
| 21:31 | Build | Town Center |
| 21:36 | Create | Villager (Male) |
| 21:41 | Create | Villager (Male) |
| 21:44 | Create | Villager (Male) |
| 21:45 | Create | Villager (Male) |
| 21:47 | Create | Villager (Male) |
| 21:52 | Build | Fish Trap |
| 21:54 | Build | Fish Trap |
| 21:59 | Create | Villager (Male) |
| 22:05 | Build | Farm |
| 22:07 | Build | Farm |
| 22:08 | Build | Farm |
| 22:10 | Create | Villager (Male) |
| 22:11 | Create | Villager (Male) |
| 22:13 | Create | Villager (Male) |
| 22:20 | Build | House |
| 22:21 | Build | House |
| 22:22 | Build | House |
| 22:23 | Build | House |
| 22:26 | Create | Villager (Male) |
| 22:30 | Create | Fishing Ship |
| 22:36 | Build | Farm |
| 22:37 | Build | Farm |
| 22:41 | Create | Villager (Male) |
| 22:44 | Create | Villager (Male) |
| 22:45 | Create | Villager (Male) |
| 22:54 | Create | Villager (Male) |
| 22:58 | Create | Villager (Male) |
| 23:08 | Build | Town Center |
| 23:11 | Create | Villager (Male) |
| 23:21 | Research | Hand Cart |
| 23:24 | Create | Villager (Male) |
| 23:24 | Create | Villager (Male) |
| 23:26 | Create | Villager (Male) |
| 23:31 | Create | Villager (Male) |
| 23:35 | Build | Fish Trap |
| 23:37 | Research | Tech 906 |
| 23:56 | Build | Farm |
| 23:57 | Build | Farm |
| 23:58 | Build | Farm |
| 23:59 | Build | Farm |
| 24:06 | Create | Villager (Male) |
Build order — zorm
90 actions detected in the replay
| 0:05 | Research | Loom |
| 0:12 | Build | House |
| 0:14 | Build | House |
| 0:15 | Build | House |
| 0:17 | Create | Villager (Male) |
| 0:17 | Create | Villager (Male) |
| 0:18 | Create | Villager (Male) |
| 0:18 | Create | Villager (Male) |
| 0:18 | Create | Villager (Male) |
| 1:55 | Build | Palisade Wall |
| 2:15 | Create | Villager (Male) |
| 2:15 | Create | Villager (Male) |
| 2:35 | Build | Palisade Wall |
| 2:38 | Create | Villager (Male) |
| 2:38 | Create | Villager (Male) |
| 3:03 | Create | Villager (Male) |
| 3:39 | Create | Villager (Male) |
| 3:47 | Create | Villager (Male) |
| 4:17 | Create | Villager (Male) |
| 4:17 | Create | Villager (Male) |
| 4:36 | Build | Mill |
| 5:13 | Create | Villager (Male) |
| 5:13 | Create | Villager (Male) |
| 5:14 | Create | Villager (Male) |
| 6:12 | Build | House |
| 6:38 | Build | Lumber Camp |
| 6:44 | Create | Villager (Male) |
| 6:44 | Create | Villager (Male) |
| 6:49 | Build | House |
| 8:24 | Create | Villager (Male) |
| 8:24 | Create | Villager (Male) |
| 9:22 | Build | Mining Camp |
| 9:27 | Create | Villager (Male) |
| 9:32 | Build | Mining Camp |
| 9:35 | Create | Villager (Male) |
| 10:30 | Create | Villager (Male) |
| 11:30 | Create | Villager (Male) |
| 11:30 | Create | Villager (Male) |
| 11:41 | Research | Feudal Age |
| 11:45 | Research | Feudal Age |
| 11:51 | Build | Mill |
| 13:55 | Age | Feudal Age |
| 14:02 | Create | Villager (Male) |
| 14:02 | Create | Villager (Male) |
| 14:07 | Build | Market |
| 14:15 | Create | Villager (Male) |
| 14:21 | Build | Blacksmith |
| 14:35 | Create | Villager (Male) |
| 14:56 | Build | Stone Wall |
| 15:05 | Build | Stone Wall |
| 15:26 | Build | House |
| 15:27 | Build | House |
| 15:28 | Build | House |
| 15:28 | Build | House |
| 15:30 | Build | House |
| 15:30 | Build | House |
| 15:36 | Create | Villager (Male) |
| 15:58 | Build | Farm |
| 15:58 | Build | Farm |
| 16:09 | Build | Farm |
| 16:11 | Create | Villager (Male) |
| 16:12 | Create | Villager (Male) |
| 16:20 | Research | Double-Bit Axe |
| 16:37 | Build | Farm |
| 16:39 | Build | Farm |
| 16:40 | Build | Farm |
| 16:42 | Build | Farm |
| 17:03 | Build | Mining Camp |
| 17:34 | Research | Castle Age |
| 17:47 | Build | Farm |
| 17:48 | Build | Farm |
| 17:49 | Build | Farm |
| 17:50 | Build | Farm |
| 18:46 | Build | House |
| 18:46 | Build | House |
| 19:30 | Build | Barracks |
| 20:14 | Age | Castle Age |
| 20:15 | Research | Scale Mail Armor |
| 20:18 | Create | Villager (Male) |
| 20:18 | Create | Villager (Male) |
| 20:24 | Build | Town Center |
| 20:28 | Research | Pikeman (upgrade) |
| 20:30 | Research | Squires |
| 22:04 | Create | Spearman |
| 22:04 | Create | Spearman |
| 22:05 | Create | Spearman |
| 22:24 | Build | Lumber Camp |
| 23:38 | Build | Stone Wall |
| 23:48 | Build | Mining Camp |
| 25:12 | Build | Castle |
Match timeline
| 1:00 | currahee · wall_segment Palisade Wall x10 |
| 1:04 | AnimealYT · wall_segment Palisade Wall x6 |
| 1:20 | rananculus · wall_segment Palisade Wall x16 |
| 1:32 | AnimealYT · wall_segment Palisade Wall x8 |
| 1:40 | rananculus · wall_segment Palisade Wall x11 |
| 1:49 | rananculus · wall_segment Palisade Wall x1 |
| 1:55 | zorm · wall_segment Palisade Wall x8 |
| 2:12 | PORN9X · wall_segment Palisade Wall x11 |
| 2:35 | zorm · wall_segment Palisade Wall x8 |
| 2:43 | AnimealYT · wall_segment Palisade Wall x1 |
| 3:43 | ApplePie Chai · wall_segment Palisade Wall x5 |
| 3:53 | Super Pilot · first_building Dock |
| 5:36 | ApplePie Chai · first_building Dock |
| 6:11 | ApplePie Chai · wall_segment Palisade Wall x3 |
| 6:12 | ApplePie Chai · wall_segment Palisade Wall x4 |
| 6:52 | currahee · first_building Dock |
| 7:05 | PORN9X · first_building Dock |
| 10:48 | Super Pilot · age_up feudal |
| 11:08 | perpimarc · age_up feudal |
| 11:54 | AnimealYT · first_building Dock |
| 12:14 | rananculus · age_up feudal |
| 12:28 | currahee · age_up feudal |
| 12:29 | ApplePie Chai · age_up feudal |
| 12:55 | currahee · wall_segment Stone Wall x10 |
| 13:07 | AnimealYT · age_up feudal |
| 13:07 | PORN9X · age_up feudal |
| 13:14 | rananculus · first_building Dock |
| 13:55 | zorm · age_up feudal |
| 14:18 | Super Pilot · age_up castle |
| 14:51 | perpimarc · age_up castle |
| 14:56 | zorm · wall_segment Stone Wall x7 |
| 15:05 | zorm · wall_segment Stone Wall x8 |
| 16:47 | AnimealYT · age_up castle |
| 16:49 | perpimarc · first_building Monastery |
| 17:09 | AnimealYT · first_building Castle |
| 17:11 | currahee · age_up castle |
| 17:18 | zorm · first_market_buy 100 food |
| 17:56 | rananculus · first_building Barracks |
| 18:32 | ApplePie Chai · wall_segment Stone Wall x7 |
| 18:57 | Super Pilot · first_building Monastery |
| 19:30 | zorm · first_building Barracks |
| 19:37 | ApplePie Chai · wall_segment Stone Wall x5 |
| 19:38 | ApplePie Chai · wall_segment Stone Wall x4 |
| 19:42 | ApplePie Chai · wall_segment Stone Wall x1 |
| 19:43 | ApplePie Chai · wall_segment Stone Wall x1 |
| 19:44 | ApplePie Chai · wall_segment Stone Wall x1 |
| 19:54 | AnimealYT · wall_segment Stone Wall x9 |
| 19:59 | ApplePie Chai · wall_segment Stone Wall x1 |
| 20:00 | ApplePie Chai · age_up castle |
| 20:03 | ApplePie Chai · wall_segment Stone Wall x1 |
| 20:14 | zorm · age_up castle |
| 20:17 | AnimealYT · first_building Siege Workshop |
| 20:23 | PORN9X · first_building Barracks |
| 20:49 | PORN9X · age_up castle |
| 21:08 | PORN9X · wall_segment Stone Wall x6 |
| 21:22 | ApplePie Chai · wall_segment Stone Wall x1 |
| 21:41 | perpimarc · first_building Barracks |
| 21:45 | ApplePie Chai · wall_segment Stone Wall x15 |
| 22:09 | ApplePie Chai · wall_segment Stone Wall x8 |
| 22:20 | AnimealYT · first_building Barracks |
| 22:38 | PORN9X · first_market_buy 100 wood |
| 22:57 | AnimealYT · first_building Archery Range |
| 23:06 | rananculus · age_up castle |
| 23:38 | zorm · wall_segment Stone Wall x1 |
| 23:47 | ApplePie Chai · wall_segment Stone Wall x1 |
| 24:13 | rananculus · first_building Monastery |
| 24:25 | ApplePie Chai · resign |
| 24:27 | PORN9X · first_building Monastery |
| 24:53 | zorm · first_market_sell 100 wood |
| 25:11 | Super Pilot · first_building Siege Workshop |
| 25:12 | zorm · first_building Castle |
| 25:17 | perpimarc · first_building Siege Workshop |
| 25:19 | Super Pilot · first_building Barracks |
[ AI ANALYSIS · 1 CREDIT ]
What really happened in this match?
Wolo.gg analyzes every decision: build order, eco, micro, common mistakes by bracket. Personalized analysis on WhatsApp or Discord in 30 seconds.
Civ guide
Slavs
Perfil
Jugador #23448259